Map: Para Site LE

Players

Bunny

  • Race: Terran Terran
  • League: Bronze
  • Spawn Location: 5:00

soO - Winner!

  • Race: Zerg Zerg
  • Spawn Location: 11:00

Event: IEM Season 13 - Katowice Server Qualifiers Asia 1

VOD

Have the link to the VOD?

Description

Time

  • Played on: Jan. 14, 2019, 4:58 a.m.
  • Length: 6:12

All games in this series

Show
View Real Time Build Order
Export as new Build Order

Bunny Terran 

Build Orders:  

Get SALT Encoding   

  12  0:00  SCV  
  13  0:12  SCV  
  14  0:17  Supply Depot  
  14  0:24  SCV  
  15  0:38  SCV  
  15  0:41  Barracks  
  16  0:54  Barracks  
  16  0:57  SCV  
  17  1:10  Barracks  
  17  1:13  SCV  
  18  1:27  Marine  
  18  1:28  Orbital Command  
  18  1:43  Marine  
  18  1:45  Marine, Supply Depot  
  20  1:54  SCV  
  20  1:57  Marine  
  20  2:00  Marine  
  23  2:03  Marine  
  22  2:12  SCV  
  22  2:14  Marine  
  23  2:18  Marine  
  23  2:20  Supply Depot  
  23  2:21  Marine  
  26  2:32  Marine  
  26  2:35  Bunker  
  26  2:36  Marine  
  27  2:39  SCV, Bunker  
  27  2:40  Marine  
  29  2:50  Marine  
  30  2:51  SCV  
  30  2:54  Marine  
  30  2:56  Refinery  
  30  2:58  Marine  
  33  3:07  SCV  
  33  3:08  Marine  
  33  3:10  Refinery  
  33  3:12  Marine  
  35  3:16  Marine  
  35  3:19  SCV  
  36  3:26  Marine  
  32  3:31  SCV  
  32  3:33  Marine  
  34  3:43  Marine, SCV  
  36  3:49  Bunker  
  36  3:51  Marine  
  38  3:55  SCV  
  38  3:57  Factory  
  39  4:10  SCV, Supply Depot  
  39  4:24  Command Center  
  38  4:36  SCV  
  37  4:43  Starport  
  37  4:44  Factory Tech Lab  
  28  4:48  SCV  
  26  5:00  SCV  
  26  5:02  Cyclone  
  30  5:19  Command Center  
  30  5:27  Fusion Core  
  30  5:28  SCV  
  31  5:33  Starport Tech Lab  
Show
View Real Time Build Order
Export as new Build Order

soO Zerg - Winner!

Build Orders: Hatch First, Ravager All-In 

Get SALT Encoding   

  12  0:00  Drone  
  13  0:12  Overlord  
  13  0:17  Drone  
  14  0:30  Drone x2  
  14  0:34  Drone  
  17  0:50  Hatchery  
  17  0:53  Drone  
  18  0:57  Drone  
  18  1:07  Extractor  
  17  1:11  Spawning Pool  
  17  1:17  Drone  
  17  1:27  Drone  
  19  1:47  Drone x2  
  20  1:55  Overlord  
  20  2:02  Roach Warren  
  18  2:14  Queen, Drone  
  18  2:15  Drone  
  21  2:20  Zergling x4  
  23  2:31  Extractor  
  22  2:41  Roach  
  22  2:42  Roach  
  26  2:46  Roach  
  26  2:47  Roach  
  30  2:52  Roach  
  32  3:02  Ravager  
  32  3:03  Overlord  
  33  3:14  Ravager  
  34  3:22  Roach x3  
  35  3:32  Roach  
  37  3:35  Roach  
  37  3:40  Ravager  
  40  3:50  Roach  
  42  3:57  Overlord  
  42  4:11  Overlord  
  42  4:16  Ravager x2  
  44  4:18  Overlord  
  45  4:31  Roach x2  
  45  4:33  Roach  
  43  4:39  Drone  
  43  4:40  Drone  
  43  4:41  Drone  
  41  4:47  Drone  
  42  4:54  Drone  
  42  4:55  Drone  
  44  5:04  Queen  
  46  5:09  Drone x2  
  48  5:15  Drone  
  48  5:18  Drone x2  
  49  5:50  Ravager  
  49  5:52  Drone  
  49  5:53  Drone x2  
  49  5:54  Drone x3  
  49  5:55  Drone  
  52  5:59  Drone  
  48  6:11  Hatchery  

Tags
 
Add a new tag
Caveats
  • Supply blocks, unpowered buildings, or Contaminate may cause inaccurate times.
  • Supply counts are checked every 10 seconds.